 Dungeon Crawl Stone Soup version 0.25.0-26-g0c896c7088 (webtiles) character file.

Game seed: 3659982805593668090

123 Descartes the Sneak (level 4, -2/22 HPs)
             Began as a Spriggan Wanderer on July 3, 2020.
             Slain by Grinder (6 damage)
             ... while paralysed by Grinder
             ... on level 2 of the Dungeon.
             The game lasted 00:05:48 (2336 turns).

Descartes the Sneak (Spriggan Wanderer)             Turns: 2336, Time: 00:05:49

Health: -2/22      AC:  2    Str:  9    XL:     4   Next: 80%
Magic:  9/9        EV:  4    Int: 14    God:
Gold:   81         SH:  0    Dex: 20    Spells: 8/8 levels left

rFire    . . .     SeeInvis +   a - +1 dagger (drain)
rCold    . . .     Gourm    .   (shield restricted)
rNeg     . . .     Faith    .   e - +0 robe
rPois    .         Spirit   .   (helmet restricted)
rElec    .         Reflect  .   (no cloak)
rCorr    .         Harm     .   (gloves unavailable)
MR       .....                  (boots unavailable)
Stlth    +++.......             m - amulet of regeneration
HPRegen  0.47/turn              l - +6 ring of dexterity
MPRegen  0.11/turn              (no ring)

@: paralysed, very quick
A: very small, unfitting armour, see invisible, herbivore, speed 3, slow
metabolism 2
a: no special abilities


You were on level 2 of the Dungeon.
You were not hungry.

You visited 1 branch of the dungeon, and saw 3 of its levels.

You collected 81 gold pieces.

Inventory:

Hand Weapons
 a - a +1 dagger of draining (weapon)
 b - a +0 hunting sling
 n - a +2 dagger
Missiles
 g - 73 stones (quivered)
 j - 36 bolts
 p - 15 arrows
 u - 19 sling bullets
Armour
 e - a +0 robe (worn)
Jewellery
 l - a +6 ring of dexterity (left hand)
 m - an amulet of regeneration (around neck)
Scrolls
 c - 3 scrolls of teleportation
 h - 6 scrolls of identify {unknown}
 k - a scroll of noise {unknown}
 q - 4 scrolls of magic mapping {unknown}
 s - a scroll of immolation {unknown}
 t - 2 scrolls of enchant weapon {unknown}
 v - a scroll of blinking {unknown}
Potions
 d - a potion of lignification
 i - 3 potions of curing {unknown}
 o - a potion of haste
 r - a potion of heal wounds {unknown}
Comestibles
 f - 3 rations


   Skills:
 - Level 1.5 Fighting
 + Level 2.7 Short Blades
 - Level 1.0 Throwing
 + Level 4.9 Dodging
 + Level 5.1 Stealth
 - Level 2.6 Spellcasting
   Level 1.0 Ice Magic


You had 8 spell levels left.
You didn't know any spells.
Your spell library was empty.

Dungeon Overview and Level Annotations

Branches:
Dungeon (3/15)

Altars:
Cheibriados

Annotations:
D:2 Grinder


Innate Abilities, Weirdness & Mutations

You are very small and have problems with some larger weapons.
You are too small for most types of armour.
You have supernaturally acute eyesight. (SInv)
You are a herbivore.
You cover ground extremely quickly.
You need to consume almost no food.


Message History

Grinder barely misses you.
You climb upwards.
There is a stone staircase leading down here.
You hit Grinder but do no damage.
Grinder is severely wounded.
Grinder gestures at you.
You suddenly lose the ability to move!
The orc priest hits you with a +0 short sword.
Grinder hits you.
The orc priest invokes the aid of Beogh against you.
Beogh smites you!
Ouch! That really hurt!
* * * LOW HITPOINT WARNING * * *
Grinder blinks!
The orc priest hits you with a +0 short sword.
* * * LOW HITPOINT WARNING * * *
Grinder zaps a wand.
You easily resist.
The now-empty wand crumbles to dust.
The orc priest hits you but does no damage.
Grinder hits you.
You die...

#####.##########......#
........†.............#
...##.##########...†..#
.......)## ##.##### ....#.#..#
#.###############
....#.##.########.##.............
...##.#...........##.############
...##.#...######5.##.############
................@................
#####.#.#..####.o.##.############
#........# #...##.# #........#
#...##.# #........# #....#.#
###.#.##.####.#..#.###########
#.#........................#
#.#####.###.####.#########.#
#.........#....#.# #.#


You could see Grinder and an orc priest.

Vanquished Creatures
  A worker ant (D:2)
  Robin (D:2)
  An adder (D:2)
  An ooze (D:2)
  2 worms (D:2)
  2 dart slugs (D:2)
  A leopard gecko (D:1)
  An orc (D:2)
  4 giant cockroaches
  5 hobgoblins
  3 jackals (D:2)
  6 kobolds
  A quokka (D:2)
  A ball python (D:1)
  5 bats
  19 goblins
  7 rats
61 creatures vanquished.

Notes
Turn   | Place    | Note
-------+----------+-------------------------------------------
     0 | D:1      | Descartes the Spriggan Wanderer began the quest for the
                  | Orb.
     0 | D:1      | Descartes set off with the following items: a +2 dagger, a
                  | potion of haste, a scroll of teleportation, a potion of
                  | lignification, a +0 robe, a ration
     0 | D:1      | Reached XP level 1. HP: 10/10 MP: 5/5
   266 | D:1      | Reached skill level 1 in Short Blades
   266 | D:1      | Reached XP level 2. HP: 14/14 MP: 6/6
   926 | D:2      | Noticed Robin
  1184 | D:2      | Reached skill level 4 in Stealth
  1184 | D:2      | Reached XP level 3. HP: 17/18 MP: 8/8
  1272 | D:2      | Found a snail-covered altar of Cheibriados.
  1307 | D:2      | Killed Robin
  1493 | D:2      | Reached XP level 4. HP: 21/22 MP: 9/9
  1711 | D:2      | Reached skill level 5 in Stealth
  2171 | D:3      | Noticed Grinder
  2177 | D:3      | HP: 1/22 [Grinder/nerve-wracking pain (9)]
  2332 | D:2      | Paralysed by Grinder for 4 turns
  2336 | D:2      | Slain by Grinder

Illustrated notes

Levels and vault maps discovered:
D:1:      erik_arrival_orb_chamber, layout_basic
D:2:      layout_basic, kennysheep_slug_shrine, first_ration, uniq_robin
D:3:      layout_loops_ring, lemuel_coloured_pillars_altar, marbit_many_paths,
          uniq_terence, uniq_grinder

Skill      XL: |  1  2  3  4 |
---------------+-------------+-----
Short Blades   | 1 2 |  2.7
Stealth        | 4 5 |  5.1
Dodging        | 4 |  4.9
Fighting       | |  1.5
Throwing       | |  1.0
Spellcasting   | |  2.6
Ice Magic      | |  1.0

Action                   |  1- 3 |  4- 6 || total
-------------------------+-------+-------++-------
Melee: Dagger            |   129 |    82 ||   211
       Unarmed           |       |     2 ||     2
 Stab: Sleeping          |     9 |     7 ||    16
       Distracted        |       |     1 ||     1
Armor: Robe              |    11 |       ||    11
       Skin              |       |     5 ||     5
Dodge: Dodged            |   102 |    45 ||   147
